 Dungeon Crawl Stone Soup version 0.17-a0-1949-g1acca9a (webtiles) character file.

1273 Kusio the Basher (level 8, -1/88 HPs)
             Began as an Ogre Gladiator on Oct 2, 2015.
             Was a Believer of Okawaru.
             Slain by a centaur (3 damage)
             ... on level 6 of the Dungeon.
             The game lasted 00:14:21 (4582 turns).

Kusio the Basher (Ogre Gladiator)                   Turns: 4582, Time: 00:14:21

Health: -1/88      AC:  6    Str: 22    XL:     8   Next: 53%
Magic:  17/17      EV: 16    Int:  7    God:    Okawaru [**....]
Gold:   273        SH:  0    Dex: 16    Spells: 0 memorised, 7 levels left

rFire  . . .     SeeInvis +     K - +6 flail "Ennud" {pain, *Noise MP+9 SInv}
rCold  . . .     Clarity  .     b - +0 robe
rNeg   . . .     SustAt   .     (no shield)
rPois  +         Gourm    .     c - +0 hat
rElec  .         Spirit   .     t - +2 cloak
rCorr  .         Warding  .     (gloves unavailable)
rMut   .         Stasis   .     (boots unavailable)
MR     .....                    (no amulet)
Stlth  ++........               q - ring of poison resistance
                                r - ring of see invisible

@: agile, not resistant to hostile enchantments, unstealthy
A: unfitting armour, tough skin 1
a: Heroism, Renounce Religion


You were on level 6 of the Dungeon.
You worshipped Okawaru.
Okawaru was pleased with you.
You were hungry.

You visited 1 branch of the dungeon, and saw 6 of its levels.

You collected 345 gold pieces.
You spent 72 gold pieces at shops.

Inventory:

Hand weapons
 a - a +0 flail
 u - a +2 mace of protection
 K - the +6 flail "Ennud" (weapon) {pain, *Noise MP+9 SInv}
   (You found it on level 6 of the Dungeon)

   In the hands of one skilled in necromantic magic, it inflicts extra damage on
   living creatures.
   It affects your magic capacity (+9).
   It lets you see invisible.
   It may make noises in combat.
Missiles
 o - 6 javelins (quivered)
 J - 21 poisoned needles
Armour
 b - a +0 robe (worn)
 c - a +0 hat (worn)
 t - a +2 cloak (worn)
 C - the +0 robe of Zydwimac {*Confuse rC+ Str+3}
   (You found it on level 6 of the Dungeon)

   It affects your strength (+3).
   It protects you from cold.
   It may confuse you when you take damage.
Jewellery
 q - a ring of poison resistance (right hand)
 r - a ring of see invisible (left hand)
Magical devices
 d - a wand of random effects (17)
 s - a wand of frost (9)
 G - a wand of heal wounds (3)
Scrolls
 g - 3 scrolls of identify
 h - 2 scrolls of enchant armour {unknown}
 i - a scroll of random uselessness {unknown}
 j - a scroll of amnesia {unknown}
 k - 2 scrolls of remove curse
 m - a scroll of noise {unknown}
 v - a scroll of magic mapping {unknown}
 y - 2 scrolls of fog {unknown}
 E - 2 scrolls of teleportation
 H - a scroll of acquirement {unknown}
 L - a scroll of immolation {unknown}
Potions
 l - a potion of resistance {unknown}
 p - a potion of brilliance {unknown}
 x - a potion of magic {unknown}
 B - a potion of flight {unknown}
 D - a potion of haste {unknown}
 F - a potion of curing {unknown}
 I - a potion of beneficial mutation {unknown}
Comestibles
 e - 6 bread rations
 n - 2 fruits
 w - a slice of pizza
 z - a beef jerky
 A - 3 meat rations


   Skills:
 + Level 8.1 Fighting
 * Level 11.2 Maces & Flails
 - Level 2.1 Throwing
 - Level 2.6 Dodging


You had 7 spell levels left.
You didn't know any spells.

Dungeon Overview and Level Annotations

Branches:
Dungeon (6/15)             Temple (0/1) D:5

Altars:
Okawaru
Qazlal
Sif Muna
Yredelemnul
Zin

Shops:
D:4 *   D:6 *


Innate Abilities, Weirdness & Mutations

You are too large for most types of armour.
You have tough skin (AC +1).


Message History

You climb downwards.
The centaur zaps a wand.
The bolt of fire hits you!
There is a stone staircase leading up, spattered with blood here.
You see here 3 arrows.
The centaur zaps a wand.
The bolt of fire hits you!
The centaur zaps a wand.
The bolt of fire hits you!
The centaur zaps a wand.
The bolt of fire hits you!
* * * LOW HITPOINT WARNING * * *
The centaur unwields an uncursed shortbow.
The centaur barely misses you.
The centaur zaps a wand.
The bolt of fire hits you!
* * * LOW HITPOINT WARNING * * *
Drink which item? (? for menu, Esc to quit)
Okay, then.
Drink which item? (? for menu, Esc to quit)
It was a potion of agility.
You feel agile all of a sudden. The centaur misses you.
You closely miss the centaur.
The centaur zaps a wand.
Nothing appears to happen.
The centaur hits you.
You die...

.............#.###
.......#......#.#
#.....##......#.#
#.... ##.......
.#.#.###.....##
#....####...#
##.....###.#.###
..#.......#c...?>.
#......<..@..#
..#.......##.....#
##.........###..
##........#
###....#.#
#.####... ..# ###
####


You could see a centaur.

Vanquished Creatures
  Prince Ribbit (D:5)
  The ghost of Lizzurd the Covered, an average GrFi (D:4)
  Duvessa (D:4)
  An ogre (D:5)
  Dowan (D:4)
  A giant frog (D:5)
  A scorpion (D:4)
  2 crimson imps (D:6)
  4 hounds
  A centaur skeleton (D:4)
  A jelly (D:6)
  Crazy Yiuf (D:2)
  Jessica (D:2)
  4 worker ants
  Natasha (thrice) (D:2)
  7 adders
  5 oozes
  2 adder skeletons
  A worm (D:4)
  A ball python (D:4)
  4 giant cockroaches
  5 hobgoblins
  10 kobolds
  2 quokkas
  8 bats
  6 giant geckos
  A giant gecko skeleton (D:4)
  3 giant newts
  5 goblins
  6 jackals (D:2)
  6 rats
96 creatures vanquished.

Vanquished Creatures (collateral kills)
  A giant newt (D:2)
1 creature vanquished.

Vanquished Creatures (others)
  A giant cockroach (D:6)
  A kobold skeleton (D:5)
2 creatures vanquished.

Grand Total: 99 creatures vanquished

Notes
Turn   | Place    | Note
--------------------------------------------------------------
     0 | D:1      | Kusio the Ogre Gladiator began the quest for the Orb.
     0 | D:1      | Reached XP level 1. HP: 22/22 MP: 1/1
    43 | D:1      | Reached XP level 2. HP: 13/31 MP: 2/2
   139 | D:1      | Reached XP level 3. HP: 10/37 MP: 3/3
   181 | D:1      | Reached skill level 5 in Maces & Flails
   545 | D:2      | Noticed Natasha
   553 | D:2      | Killed Natasha
   553 | D:2      | Reached XP level 4. HP: 9/48 MP: 4/4
   564 | D:2      | Noticed Natasha
   791 | D:2      | Killed Natasha
   829 | D:2      | Noticed Natasha
   837 | D:2      | Killed Natasha
   902 | D:2      | Found a deep blue altar of Sif Muna.
   902 | D:2      | Found an iron altar of Okawaru.
   903 | D:2      | Found a glowing silver altar of Zin.
   908 | D:2      | Became a worshipper of Warmaster Okawaru
  1001 | D:2      | Reached skill level 6 in Maces & Flails
  1147 | D:2      | Noticed Crazy Yiuf
  1154 | D:2      | Killed Crazy Yiuf
  1154 | D:2      | Reached XP level 5. HP: 26/55 MP: 5/5
  1278 | D:2      | Noticed Jessica
  1281 | D:2      | Killed Jessica
  1420 | D:2      | Found a basalt altar of Yredelemnul.
  1420 | D:2      | Found a stormy altar of Qazlal.
  1602 | D:3      | Reached skill level 5 in Fighting
  1736 | D:3      | Reached skill level 7 in Maces & Flails
  1889 | D:3      | Reached XP level 6. HP: 62/66 MP: 6/6
  2050 | D:3      | Found a faded altar to an unknown god.
  2394 | D:4      | Noticed Lizzurd's ghost (average GrFi)
  2417 | D:4      | Killed Lizzurd's ghost
  2417 | D:4      | Reached skill level 8 in Maces & Flails
  2614 | D:4      | Acquired Okawaru's first power
  2614 | D:4      | Reached XP level 7. HP: 71/75 MP: 7/7
  2764 | D:4      | Noticed Dowan
  2768 | D:4      | Noticed Duvessa
  2784 | D:4      | Killed Duvessa
  2784 | D:4      | Reached skill level 9 in Maces & Flails
  2787 | D:4      | Killed Dowan
  2849 | D:4      | Found Lybbumn's General Store.
  2854 | D:4      | Bought a scroll of teleportation for 36 gold pieces
  2854 | D:4      | Bought a potion of lignification for 36 gold pieces
  3091 | D:5      | Entered Level 5 of the Dungeon
  3355 | D:5      | Noticed Prince Ribbit
  3404 | D:5      | Found a runed door.
  3405 | D:5      | Noticed a human
  3412 | D:6      | Found Sounediw's Elemental Accessories.
  3647 | D:6      | Got a steaming robe
  3658 | D:6      | Identified the cursed +0 robe of Zydwimac {*Confuse rC+ Str+3} (You found it on level 6 of the Dungeon)
  3683 | D:6      | Reached skill level 10 in Maces & Flails
  3817 | D:6      | Reached XP level 8. HP: 84/87 MP: 8/8
  3836 | D:6      | Got a bone flail
  3838 | D:6      | Identified the +6 flail "Ennud" {pain, *Noise MP+9 SInv} (You found it on level 6 of the Dungeon)
  3897 | D:5      | Killed Prince Ribbit
  3966 | D:5      | Found a basalt altar of Yredelemnul.
  4003 | D:5      | Found a staircase to the Ecumenical Temple.
  4052 | D:5      | Reached skill level 11 in Maces & Flails
  4580 | D:6      | HP: 1/88 [centaur/wand of fire (21)]
  4582 | D:6      | Slain by a centaur

Vault maps used:
D:1:      lightli_arrival_isolated_outpost
D:2:      gammafunk_temple_overflow_forgotten,
          gammafunk_temple_overflow_elements, uniq_crazy_yiuf_cottage,
          uniq_jessica, uniq_natasha
D:3:      first_bread, ecumenical_altar_2
D:4:      minmay_thick_lines, serial_shops, kennysheep_little_box, uniq_duvessa
D:5:      minmay_temple_entry_mist, dk_yredelemnul_ordeal, uniq_prince_ribbit1
D:6:      nicolae_elemental_shop

Action                   |  1- 3 |  4- 6 |  7- 9 || total
-------------------------+-------+-------+-------++-------
Melee: Flail             |    75 |    34 |    13 ||   122
       Mace              |       |   125 |    72 ||   197
Throw: Throwing net      |     3 |     6 |     2 ||    11
       Javelin           |       |    12 |    16 ||    28
Evoke: Wand              |       |     2 |       ||     2
  Use: Scroll            |       |       |     5 ||     5
       Potion            |       |       |     2 ||     2
 Stab: Sleeping          |       |     4 |       ||     4
  Eat: Chunk             |       |     6 |     5 ||    11
